 Dungeon Crawl Stone Soup version 0.20.1-1-g8b1a95d (webtiles) character file.

142 equalderp2856 the Skirmisher (level 5, 0/41 HPs)
             Began as a Mummy Fighter on Oct 25, 2017.
             Slain by an orc wizard
             ... wielding a +0 dagger of electrocution
              (15 damage)
             ... on level 3 of the Dungeon.
             The game lasted 00:04:34 (2895 turns).

equalderp2856 the Skirmisher (Mummy Fighter)        Turns: 2895, Time: 00:04:35

Health: 0/41       AC:  8    Str: 19    XL:     5   Next: 3%
Magic:  7/7        EV:  7    Int:  8    God:
Gold:   161        SH:  9    Dex: 12    Spells: 6/6 levels left

rFire    . . .     SeeInvis .   a - +0 war axe
rCold    + . .     Gourm    .   c - +0 shield
rNeg     + + +     Faith    .   b - +0 scale mail
rPois    ∞         Spirit   .   (no helmet)
rElec    .         Reflect  .   l - scarf {cloud immunity}
rCorr    .         Harm     .   d - +1 pair of gloves
MR       .....                  (no boots)
Stlth    ..........             (no amulet)
Regen    0.2/turn               g - ring of protection from fire
MPRegen  0.1/turn               (no ring)

@: slowed, very slow
A: no food or potions, fire vulnerability, cold resistance 1, negative energy
resistance 3, torment resistance, unbreathing
a: no special abilities


You were on level 3 of the Dungeon.
You were not hungry.

You visited 1 branch of the dungeon, and saw 4 of its levels.

You collected 161 gold pieces.

Inventory:

Hand Weapons
 a - a +0 war axe (weapon)
Armour
 b - a +0 scale mail (worn)
 c - a +0 shield (worn)
 d - a +1 pair of gloves (worn)
 l - a scarf of cloud immunity (worn)
Jewellery
 g - a ring of protection from fire (left hand)
 j - an uncursed amulet of rage {unknown}
 n - an uncursed ring of protection from fire
Scrolls
 e - 2 scrolls of teleportation {unknown}
 f - 3 scrolls of identify {unknown}
 h - 2 scrolls of blinking {unknown}
 i - a scroll of magic mapping {unknown}
 k - a scroll of remove curse {unknown}
 m - a scroll of enchant armour {unknown}


   Skills:
 + Level 3.6 Fighting
 * Level 2.9 Axes
 + Level 2.9 Armour
 + Level 0.2 Dodging
 + Level 2.8 Shields
 * Level 1.3 Spellcasting


You had 6 spell levels left.
You didn't know any spells.

Dungeon Overview and Level Annotations

Branches:
Dungeon (4/15)
 Temple: D:4-7

Altars:
Kikubaaqudgha
Trog

Annotations:
D:3 Regeox's ghost, amateur MiBe


Innate Abilities, Weirdness & Mutations

You do not eat or drink.
Your flesh is vulnerable to fire.
You are immune to poison.
Your flesh is cold resistant. (rC+)
You are immune to negative energy. (rN+++)
You are immune to unholy pain and torment.
You can survive without breathing.


Message History

The orc wizard hits you with a dagger of electrocution.
The orc wizard mumbles some strange words.
The orc wizard blinks!
You hit the orc wizard.
The orc wizard is severely wounded.
The orc wizard hits you but does no damage.
The orc wizard gestures wildly while chanting.
The orc wizard seems to speed up.
Unknown command.
You barely miss the orc wizard.
The orc wizard is severely wounded.
You hit the orc wizard.
The orc wizard hits you but does no damage.
You are electrocuted!
The orc wizard points at you and mumbles some strange words.
You resist with some effort. You block the orc wizard's attack.
The orc wizard closely misses you.
The orc wizard hits you but does no damage.
You are electrocuted!
You die...

. #...##....# ##( #.#
#!####.#....#####.
##...###.# #.##.#....##.
.........####.##...##....
##.####....##.#..........
#.. ##....# #...!...)..
#.$ ##.#.# #..........
... ####o..#.#....#..###
#.##oo@.........###..
#..##o[#o########... ##.
#..o.....# #.. ##
...o##....# .. . #....#
#....# #....# .....#
##....#


You could see 2 orc wizards and 2 orcs.

Vanquished Creatures
  An orc priest (D:4)
  Natasha (D:3)
  A gnoll (D:1)
  2 adders
  2 worms (D:2)
  2 dart slugs
  A leopard gecko (D:2)
  3 orcs (D:3)
  A ball python (D:1)
  4 giant cockroaches
  9 goblins
  4 hobgoblins (D:1)
  4 kobolds
  A quokka (D:3)
  4 bats
  2 leopard gecko skeletons (D:4)
  6 rats
48 creatures vanquished.

Notes
Turn   | Place    | Note
-------+----------+-------------------------------------------
     0 | D:1      | equalderp2856 the Mummy Fighter began the quest for the Orb.
     0 | D:1      | Reached XP level 1. HP: 18/18 MP: 1/1
   213 | D:1      | Reached XP level 2. HP: 19/24 MP: 2/2
   734 | D:1      | Reached XP level 3. HP: 29/29 MP: 3/3
  1583 | D:3      | Noticed Regeox's ghost (amateur MiBe)
  1847 | D:2      | Reached XP level 4. HP: 31/35 MP: 5/5
  1942 | D:3      | Found a bloodstained altar of Trog.
  2061 | D:4      | Reached skill level 1 in Spellcasting
  2190 | D:4      | Noticed Natasha
  2766 | D:3      | Killed Natasha
  2766 | D:3      | Reached XP level 5. HP: 33/41 MP: 5/7
  2838 | D:3      | Found an ancient bone altar of Kikubaaqudgha.
  2838 | D:3      | Noticed a human
  2895 | D:3      | Slain by an orc wizard

Skill      XL: |  1  2  3  4 |
---------------+-------------+-----
Axes           | 2 |  2.9
Spellcasting   | 1 |  1.3
Fighting       | |  3.6
Armour         | |  2.9
Dodging        | |  0.2
Shields        | |  2.8

Action                   |  1- 3 |  4- 6 || total
-------------------------+-------+-------++-------
Melee: War axe           |   100 |    61 ||   161
Armor: Scale mail        |    62 |    26 ||    88
Dodge: Dodged            |    35 |    21 ||    56
Block: Shield            |    59 |    38 ||    97
